 Dungeon Crawl Stone Soup version 0.22.1-1-ga44c0e56f4 (webtiles) character file.

1131 D1HalberdGnoll the Vandal (level 8, 0/54 HPs)
             Began as a Halfling Skald on Oct 26, 2018.
             Was an Initiate of Gozag.
             Slain by an orc warrior
             ... wielding a +2 glaive of chopping
              (6 damage)
             ... on level 6 of the Dungeon.
             The game lasted 00:11:33 (6428 turns).

D1HalberdGnoll the Vandal (Halfling Skald)          Turns: 6428, Time: 00:11:34

Health: 0/54       AC:  8    Str: 14    XL:     8   Next: 62%
Magic:  17/19      EV: 16    Int: 11    God:    Gozag
Gold:   557        SH:  0    Dex: 20    Spells: 7/10 levels left

rFire    . . .     SeeInvis .   b - +1 hunting sling
rCold    . . .     Gourm    .   (shield restricted)
rNeg     . . .     Faith    .   m - +0 leather armour
rPois    .         Spirit   .   t - +0 helmet
rElec    .         Reflect  .   u - +0 cloak
rCorr    .         Harm     .   (no gloves)
MR       .....                  f - +2 pair of boots
Stlth    ++........             (no amulet)
HPRegen  0.18/turn              C - ring of magical power
MPRegen  0.16/turn              s - +6 ring of dexterity

@: singing, gold aura, very slightly contaminated
A: small, mutation resistance 1
a: Potion Petition, Call Merchant, Bribe Branch, Renounce Religion


You were on level 6 of the Dungeon.
You worshipped Gozag.
Gozag was pleased with you.
You were not hungry.

You visited 1 branch of the dungeon, and saw 6 of its levels.

You collected 612 gold pieces.
You paid 55 gold pieces to Gozag.

Inventory:

Hand Weapons
 a - a +0 hand axe
 b - a +1 hunting sling (weapon)
Missiles
 n - 52 stones (quivered)
 B - 5 sling bullets
Armour
 f - a +2 pair of boots (worn)
 m - a +0 leather armour (worn)
 t - a +0 helmet (worn)
 u - a +0 cloak (worn)
 w - a +0 ring mail
Jewellery
 s - a +6 ring of dexterity (right hand)
 C - a ring of magical power (left hand)
 D - a cursed amulet of inaccuracy {unknown}
 E - an uncursed ring of positive energy {unknown}
 F - an uncursed ring of protection from cold {unknown}
Wands
 z - a wand of enslavement (12)
Scrolls
 h - a scroll of enchant armour {unknown}
 j - 4 scrolls of identify
 k - a scroll of noise {unknown}
 p - a scroll of immolation
 q - 2 scrolls of remove curse
 r - 2 scrolls of enchant weapon
 v - 3 scrolls of teleportation {unknown}
 y - a scroll of random uselessness {unknown}
Potions
 c - a potion of heal wounds {unknown}
 e - 3 potions of curing {unknown}
 g - 4 potions of flight {unknown}
 i - a potion of magic {unknown}
 l - 2 potions of lignification {unknown}
 o - a potion of might {unknown}
 x - a potion of degeneration {unknown}
 A - a potion of invisibility {unknown}
Comestibles
 d - 7 rations


   Skills:
 + Level 4.3 Fighting
 + Level 5.1 Axes
 * Level 7.8 Slings
 - Level 3.6 Armour
 + Level 3.6 Dodging
 - Level 1.5 Spellcasting
 - Level 3.2 Charms


You had 7 spell levels left.
You knew the following spells:

 Your Spells              Type           Power        Failure   Level  Hunger
a - Infusion              Chrm           #...         10%         1    ##.....
b - Song of Slaying       Chrm           #.......     14%         2    ###....

Your spell library contained the following spells:

 Spells                   Type           Power        Failure   Level  Hunger
 Shroud of Golubria       Chrm/Tloc      #.........   28%         2    ###....
 Regeneration             Chrm/Necr      #.........   50%         3    ####...
 Spectral Weapon          Hex/Chrm       #.......     50%         3    ####...


Dungeon Overview and Level Annotations

Branches:
Dungeon (6/15)
 Temple: D:4-7

Altars:
Gozag
Ru
Uskayaw
Vehumet
Wu Jian

Shops:
D:5 [

Annotations:
D:1 exclusion: downstairs
D:3 3 runed doors, hemabe's ghost, amateur HuAr


Innate Abilities, Weirdness & Mutations

You are small and have problems with some larger weapons.
You are somewhat resistant to further mutation.


Message History

Firing (i - inventory. (/) - cycle)
n - 55 stones (quivered)
Press: ? - help, Shift-Dir - straight line, f - orc warrior
Aim: an orc warrior, wielding a glaive of chopping and wearing a plate armour You shoot a stone.
The stone hits the orc warrior but does no damage.
The orc warrior hits you from afar with a glaive of chopping.
Firing (i - inventory. (/) - cycle)
n - 54 stones (quivered)
Press: ? - help, Shift-Dir - straight line, f/p - orc warrior
Aim: an orc warrior, wielding a glaive of chopping and wearing a plate armour You shoot a stone.
The stone hits the orc priest.
The orc priest is moderately wounded.
Firing (i - inventory. (/) - cycle)
n - 53 stones (quivered)
Press: ? - help, Shift-Dir - straight line, f/p - orc priest
Aim: an orc priest, wielding a hand axe and wearing a leather armour You shoot a stone.
The stone hits the orc priest!
You kill the orc priest!
The orc warrior hits you from afar with a glaive of chopping!!
* * * LOW HITPOINT WARNING * * *
You die...
Your body crumbles into a pile of gold.

#...........(...###o(.....
...................oo.....
..........#.....$##....#..
..........#......# .......
..........#.....(# #.#..#.
..#########....(.# .# .#
..# #....(o# .# # ..#
#.....$# # ..# #)....@#
..# ######.# ..# #.# ###
#.# #.# #.. ###


You could see an orc warrior.

Vanquished Creatures
  Sigmund (D:2)
  2 phantoms
  An ogre (D:6)
  A centaur (D:5)
  A crimson imp (D:6)
  2 howler monkeys (D:5)
  2 hounds
  4 orc priests
  2 bullfrog skeletons
  An orc wizard (D:5)
  Terence (D:2)
  2 worker ants
  5 adders
  2 oozes (D:1)
  An adder skeleton (D:5)
  An adder zombie (D:5)
  5 worms
  3 dart slugs (D:1)
  4 leopard geckos
  6 orcs
  2 ball pythons
  6 giant cockroaches
  13 goblins
  7 hobgoblins
  12 jackals
  6 kobolds
  4 quokkas
  11 bats
  2 frilled lizards (D:1)
  A quokka zombie (D:5)
  5 rats
116 creatures vanquished.

Notes
Turn   | Place    | Note
-------+----------+-------------------------------------------
     0 | D:1      | D1HalberdGnoll the Halfling Skald began the quest for the
                  | Orb.
     0 | D:1      | Reached XP level 1. HP: 14/14 MP: 3/3
    43 | D:1      | Reached XP level 2. HP: 14/19 MP: 0/4
   538 | D:1      | Reached XP level 3. HP: 17/24 MP: 5/5
   892 | D:1      | Reached XP level 4. HP: 29/30 MP: 1/6
  1335 | D:2      | Noticed Sigmund
  1421 | D:2      | Found a hide-covered altar of Uskayaw.
  1859 | D:2      | Reached skill level 1 in Slings
  2176 | D:2      | Noticed Terence
  2204 | D:2      | Killed Terence
  2204 | D:2      | Reached skill level 2 in Slings
  2204 | D:2      | Reached XP level 5. HP: 19/35 MP: 7/7
  2408 | D:2      | Found a faded altar of an unknown god.
  2462 | D:2      | Learned a level 2 spell: Song of Slaying
  2506 | D:2      | Killed Sigmund
  2506 | D:2      | Reached skill level 4 in Slings
  2506 | D:2      | Reached XP level 6. HP: 42/42 MP: 6/8
  2925 | D:3      | Found a glowing drain.
  3045 | D:3      | Found a runed gate.
  3045 | D:3      | Found a runed gate.
  3045 | D:3      | Found a runed gate.
  3045 | D:3      | Noticed hemabe's ghost (amateur HuAr)
  3142 | D:3      | Found an opulent altar of Gozag.
  3623 | D:3      | Found a radiant altar of Vehumet.
  3703 | D:3      | Became a worshipper of Gozag Ym Sagoz the Greedy
  3803 | D:4      | Reached XP level 7. HP: 46/46 MP: 9/9
  3956 | D:4      | Reached skill level 5 in Slings
  4776 | D:5      | Entered Level 5 of the Dungeon
  4991 | D:5      | Reached skill level 6 in Slings
  5189 | D:5      | Found a sacrificial altar of Ru.
  5255 | D:5      | Found Luobellu's Armour Shop.
  5283 | D:5      | Reached XP level 8. HP: 9/54 MP: 10/10
  5718 | D:5      | Reached skill level 7 in Slings
  6044 | D:6      | Found an ornate altar of the Wu Jian Council.
  6240 | D:6      | Reached skill level 5 in Axes
  6428 | D:6      | Slain by an orc warrior

Skill      XL: |  1  2  3  4  5  6  7  8 |
---------------+-------------------------+-----
Fighting       | 2 3 4 |  4.3
Axes           | 3 4 5 |  5.1
Armour         | 2 3 |  3.6
Slings         | 2 4 6 7 |  7.8
Dodging        | 3 |  3.6
Spellcasting   | |  1.5
Charms         | |  3.2

Action                   |  1- 3 |  4- 6 |  7- 9 || total
-------------------------+-------+-------+-------++-------
Melee: Hand axe          |    96 |    25 |    20 ||   141
 Fire: Hunting sling     |       |   189 |   288 ||   477
 Cast: Infusion          |     7 |     8 |     2 ||    17
       Song of Slaying   |       |     1 |     2 ||     3
  Use: Scroll            |       |       |     5 ||     5
  Eat: Chunk             |       |     8 |       ||     8
       Ration            |       |       |     3 ||     3
Armor: Leather armour    |    29 |    36 |    22 ||    87
Dodge: Dodged            |    89 |    95 |    66 ||   250
